 Dungeon Crawl Stone Soup version 0.29.1-4-g47bece8355 (webtiles) character file.

Game seed: 12924030756675050062

716 Eitelfritz the Slasher (level 7, -1/59 HPs)
             Began as a Minotaur Gladiator on Dec 9, 2022.
             Was a Follower of Uskayaw.
             Slain by a gnoll
             ... wielding a +0 halberd
             ... led by a gnoll bouda
              (10 damage)
             ... on level 5 of the Dungeon.
             The game lasted 00:07:19 (4914 turns).

Eitelfritz the Slasher (Minotaur Gladiator)         Turns: 4914, Time: 00:07:19

Health: -1/59      AC:  7    Str: 19    XL:     7   Next: 41%
Magic:  7/7        EV: 12    Int:  7    God:    Uskayaw [*.....]
Gold:   219        SH:  0    Dex: 11    Spells: 6/6 levels left

rFire   . . .      SeeInvis .   a - +0 long sword
rCold   . . .      Faith    .   (no shield)
rNeg    . . .      Spirit   .   o - +0 ring mail of Gluttony {Slay+3}
rPois   +          Reflect  .   c - +0 hat
rElec   .          Harm     .   (no cloak)
rCorr   .          Rampage  .   w - +0 pair of gloves
Will    +....                   (no boots)
Stlth   +.........              (no amulet)
HPRegen 0.19/turn               l - ring of poison resistance
MPRegen 0.10/turn               r - ring of willpower

@: no status effects
A: horns 2, retaliatory headbutt
a: Renounce Religion, Stomp


You were on level 5 of the Dungeon.
You worshipped Uskayaw.
Uskayaw was noncommittal.
You visited 1 branch of the dungeon, and saw 5 of its levels.

You collected 219 gold pieces.

Inventory:

Hand Weapons
 a - a +0 long sword (weapon)
 b - a +1 triple sword
 h - a +0 spear
 v - a +0 shortbow
Missiles
 d - 3 throwing nets (quivered)
 e - a javelin
 t - 31 stones
 B - 3 poisoned darts
Armour
 c - a +0 hat (worn)
 o - the +0 ring mail of Gluttony (worn) {Slay+3}
   (You found it on level 2 of the Dungeon)

   Slay:      It affects your accuracy & damage with ranged weapons and melee
   (+3).
 s - a +2 leather armour of cold resistance
 w - a +0 pair of gloves (worn)
Jewellery
 l - a ring of poison resistance (left hand)
 n - a ring of see invisible
 r - a ring of willpower (right hand)
 u - a +6 ring of dexterity
Wands
 m - a wand of acid (6)
 x - a wand of iceblast (7)
Scrolls
 g - a scroll of vulnerability {unknown}
 q - a scroll of fear
 y - 2 scrolls of identify
 A - a scroll of amnesia
Potions
 f - a potion of haste
 i - 3 potions of might
 j - 2 potions of curing
 k - 2 potions of brilliance
 p - a potion of mutation
 z - a potion of ambrosia


   Skills:
 + Level 4.2 Fighting
 + Level 7.3 Long Blades
 + Level 2.1 Throwing
 + Level 4.0 Armour
 + Level 4.6 Dodging
 + Level 0.6 Stealth
 * Level 2.2 Invocations


You had 6 spell levels left.
You didn't know any spells.
Your spell library contained the following spells:

 Spells                   Type           Power      Damage    Failure   Level
 Poisonous Vapours        Pois/Air       0%         N/A       75%         2
 Inner Flame              Hex/Fire       0%         N/A       93%         3
 Cause Fear               Hex            0%         N/A       100%        4
 Corpse Rot               Necr/Pois/Air  0%         N/A       100%        4
 Discord                  Hex            0%         N/A       100%        8


Dungeon Overview and Level Annotations

Branches:
Dungeon (5/15)
 Temple: D:4-7

Altars:
Hepliaklqana
Kikubaaqudgha
Uskayaw


Innate Abilities, Weirdness & Mutations

You have a pair of horns on your head.
You reflexively headbutt those who attack you in melee.


Message History

The gnoll is severely wounded.
The gnoll hits you but does no damage. x2
The gnoll bouda completely misses you.
The gnoll hits you from afar with a +0 halberd!
You can now pass through a line of other dancers.
You barely miss the gnoll. You headbutt the gnoll.
You kill the gnoll!
The gnoll barely misses you. The gnoll bouda barely misses you.
You furiously retaliate!
You headbutt the gnoll bouda, but do no damage.
The gnoll hits you from afar with a +0 halberd.
You hit the gnoll bouda but do no damage.
Your headbutt misses the gnoll bouda. The gnoll barely misses you.
The gnoll bouda hits you with a +0 club.
The gnoll hits you from afar with a +0 halberd!
You hit the gnoll bouda.
The gnoll bouda is moderately wounded.
The gnoll hits you with a +0 club.
The gnoll bouda hits you with a +0 club!
The gnoll barely misses you.
You hit the gnoll bouda but do no damage.
Your headbutt misses the gnoll bouda.
The gnoll bouda is moderately wounded.
The gnoll hits you with a +0 club.
The gnoll bouda gazes fiercely through you!
You feel your attacks grow feeble.
The gnoll bouda hits you with a +0 club!
* * * LOW HITPOINT WARNING * * *
The gnoll hits you from afar with a +0 halberd.
* * * LOW HITPOINT WARNING * * *
Unknown command.
Your attacks no longer feel as feeble.
You can no longer pass through a line of other dancers.
The gnoll is no longer moving quickly.
The gnoll bouda barks out a call to the hunt!
The gnoll picks up the pace!
The gnoll bouda barks out a call to the hunt!
The gnoll picks up the pace!
The gnoll hits you from afar with a +0 halberd!
You die...

########## ###
#........# ##.#
####.....g#.# #...
##.##..###g#.#### ##.#
##........g......# #.#
####.#.....###.#@##.#
#####.#
....###.#......#.##.###
#.....#
####.#.##.######<#....#
#.....# ##..##..
.>#..#.# #.....#
##.##### ###..#.#
#.....# #g# #....#
#.....# #.).# #.#..#
###.### #.....# #
#.#..# #.## #.......#
##.#.#..# ##..##


You could see a gnoll bouda and 2 gnolls.

Vanquished Creatures
  An ogre (D:5)
  A centaur (D:5)
  A phantom (D:4)
  A scorpion (D:4)
  A howler monkey (D:5)
  2 jellies
  A gnoll bouda (D:5)
  An orc priest (D:3)
  3 iguanas
  An orc wizard (D:4)
  6 gnolls
  2 adders (D:3)
  2 worms
  3 dart slugs
  4 orcs (D:3)
  2 ball pythons (D:1)
  6 endoplasms
  2 giant cockroaches (D:4)
  4 goblins
  8 hobgoblins
  3 jackals (D:4)
  9 kobolds
  4 quokkas
  5 bats
  5 frilled lizards
  A rat (D:2)
79 creatures vanquished.

Notes
Turn   | Place    | Note
-------+----------+-------------------------------------------
     0 | D:1      | Eitelfritz the Minotaur Gladiator began the quest for the
                  | Orb.
     0 | D:1      | Reached XP level 1. HP: 18/18 MP: 0/0
   116 | D:1      | Reached skill level 4 in Long Blades
   116 | D:1      | Reached XP level 2. HP: 25/25 MP: 1/1
   390 | D:1      | Found a faded altar of an unknown god.
   792 | D:1      | Reached XP level 3. HP: 28/30 MP: 2/2
  1161 | D:2      | Identified the +0 ring mail of Gluttony {Slay+3}
  1889 | D:3      | Found an ancient bone altar of Kikubaaqudgha.
  2063 | D:3      | Reached XP level 4. HP: 34/38 MP: 3/3
  2076 | D:3      | Reached skill level 1 in Armour
  2078 | D:3      | Reached skill level 5 in Long Blades
  3267 | D:4      | Found a hide-covered altar of Uskayaw.
  3268 | D:4      | Noticed a phantom
  3275 | D:4      | Killed a phantom
  3276 | D:4      | Reached XP level 5. HP: 35/45 MP: 4/4
  3284 | D:4      | Became a worshipper of Uskayaw the Reveller
  3483 | D:4      | Reached * piety under Uskayaw
  3504 | D:4      | Reached ** piety under Uskayaw
  3505 | D:4      | Reached skill level 6 in Long Blades
  3537 | D:4      | Reached XP level 6. HP: 45/51 MP: 5/5
  3927 | D:4      | Reached skill level 1 in Invocations
  3986 | D:4      | Found a faded altar of an unknown god.
  3988 | D:4      | Found a hazy altar of Hepliaklqana.
  4192 | D:5      | Entered Level 5 of the Dungeon
  4445 | D:5      | Reached *** piety under Uskayaw
  4448 | D:5      | Reached XP level 7. HP: 42/58 MP: 7/7
  4456 | D:5      | Reached **** piety under Uskayaw
  4458 | D:5      | Reached skill level 7 in Long Blades
  4459 | D:5      | Reached ***** piety under Uskayaw
  4914 | D:5      | Slain by a gnoll

Illustrated notes

Levels and vault maps discovered:
D:1:      minmay_arrival_stone_box, layout_basic,
          chequers_ecumenical_altar_simple, serial_bayou_pond_a
D:2:      layout_basic, dk_noncrumbling_4, minmay_goblin_kobold_house
D:3:      layout_loops_ring, nicolae_kikubaaqudgha_miasma_corner, serial_rivers,
          chequers_serial_rivers_small_b, chequers_serial_rivers_small_b,
          chequers_serial_rivers_room_a, chequers_serial_rivers_large_b
D:4:      layout_basic, mainiacjoe_overflow_catwalk,
          beargit_hepliaklqana_dungeon_heroes
D:5:      layout_loops_corners, lemuel_tele_altar, temple_statues

Skill      XL: |  1  2  3  4  5  6  7 |
---------------+----------------------+-----
Long Blades    | 4 5 6 7 |  7.3
Fighting       | 3 4 |  4.2
Dodging        | 4 |  4.6
Armour         | 2 3 4 |  4.0
Invocations    | 1 2 |  2.2
Throwing       | |  2.1
Stealth        | |  0.6

Action                   |  1- 3 |  4- 6 |  7- 9 || total
-------------------------+-------+-------+-------++-------
Melee: Long sword        |    74 |    85 |    25 ||   184
       Headbutt          |    10 |     8 |     4 ||    22
       Punch             |       |     1 |       ||     1
  Use: Scroll            |       |    14 |       ||    14
 Stab: Paralysed         |       |     1 |     1 ||     2
Armor: Leather armour    |    19 |       |       ||    19
       Ring mail         |     4 |    24 |     4 ||    32
Dodge: Dodged            |    49 |    54 |    18 ||   121
